 Dungeon Crawl Stone Soup version 0.28-a0-653-g7e9dba17c3 (webtiles) character file.

Game seed: 14999376040366526607

73359 bande the Peltast (level 15, -3/70 HPs)
             Began as a Gargoyle Fighter on Oct 11, 2021.
             Was the Champion of Okawaru.
             Killed from afar by a wretched star (22 damage)
             ... with a lance of force
             ... on level 2 of the Abyss on Oct 12, 2021.
             The game lasted 00:50:36 (31148 turns).

bande the Peltast (Gargoyle Fighter)               Turns: 31148, Time: 00:50:37

Health: -3/70      AC: 46    Str: 20 (21) XL:     15   Next: 43%
Magic:  22/22      EV:  2    Int: 11      God:    Okawaru [******]
Gold:   532        SH: 19    Dex: 11      Spells: 14/14 levels left

rFire   . . .      SeeInvis .   S - +10 war axe "Beetlebane" {venom, rCorr}
rCold   . . .      Faith    .   C - +1 tower shield {reflect}
rNeg    + + .      Spirit   .   E - +8 orange crystal plate armour {Archmagi, Int+3 Clar}
rPois   ∞          Reflect  +   y - +0 helmet
rElec   +          Harm     .   J - scarf {repulsion}
rCorr   +          Rampage  .   w - +2 pair of gloves
Will    +....      Archmagi +   M - +0 pair of boots Stlth ..........Rage 9%
                                W - amulet of regeneration
HPRegen 0.00/turn  Clarity  +   x - ring of positive energy
MPRegen 0.18/turn  Rnd*Tele +   (no ring)

@: flying, inhibited regen, repel missiles, unable to read
A: sickness immunity, AC +11, big wings, negative energy resistance 1,
electricity resistance, torment resistance 1, petrification resistance, [berserk
3], [clumsy 1], [deterioration 1], [dopey 1], [frail 2], [inhibited
regeneration], [teleportitis 1], [no potion heal 1], [subdued magic 3],
[inability to read while threatened]
a: Renounce Religion, Heroism, Finesse, Duel


You were on level 2 of the Abyss.
You worshipped Okawaru.
Okawaru was exalted by your worship.
You visited 3 branches of the dungeon, and saw 21 of its levels.
You visited the Abyss 1 time.
You also visited: Ossuary.

You collected 1266 gold pieces.
You spent 734 gold pieces at shops.

Inventory:

Hand Weapons
 a - a +1 war axe of venom
 h - a +0 morningstar
 j - a +0 war axe
 A - a +2 scimitar of flaming
 S - the +10 war axe "Beetlebane" (weapon) {venom, rCorr}
   (You bought it in a shop on level 6 of the Dungeon)

   It poisons the flesh of those it strikes.
   rCorr:     It protects you from acid and corrosion.
Armour
 w - a +2 pair of gloves (worn)
 y - a +0 helmet (worn)
 C - a +1 tower shield of reflection (worn)
 E - the +8 orange crystal plate armour (worn) {Archmagi, Int+3 Clar}
   (You found it on level 10 of the Dungeon)

   Int:       It affects your intelligence (+3).
   Clar:      It protects you against confusion.
 J - a scarf of repulsion (worn)
 M - a +0 pair of boots (worn)
 T - the +0 cloak of Patterns {Rampage rPois rN++ Int-3}
   (You found it on level 12 of the Dungeon)

   Int:       It affects your intelligence (-3).
   rPois:     It protects you from poison.
   rN:        It greatly protects you from negative energy.
   Rampage:   It bestows one free step when moving towards enemies.
 X - a +1 scale mail of cold resistance
Jewellery
 i - an amulet of guardian spirit
 x - a ring of positive energy (left hand)
 G - an amulet of magic regeneration
 Q - a ring of fire
 W - an amulet of regeneration (around neck)
Wands
 b - a wand of paralysis (27)
 k - a wand of flame (116)
 B - a wand of acid (10)
 D - a wand of digging (10)
 F - a wand of iceblast (50)
 H - a wand of polymorph (42)
Scrolls
 c - a scroll of fog
 e - a scroll of amnesia
 f - 12 scrolls of identify
 l - 8 scrolls of teleportation
 p - a scroll of brand weapon
 s - 2 scrolls of summoning
 t - 3 scrolls of silence
 v - 3 scrolls of holy word
 z - 4 scrolls of enchant armour
 N - a scroll of blinking
 O - 2 scrolls of magic mapping
 R - 2 scrolls of fear
 V - a scroll of immolation {unknown}
Potions
 d - 6 potions of haste
 g - 4 potions of brilliance
 m - 4 potions of resistance
 n - 14 potions of curing
 o - 7 potions of heal wounds
 q - 2 potions of might
 r - 10 potions of ambrosia
 u - 2 potions of magic
 I - a potion of mutation
 P - 3 potions of invisibility
Miscellaneous
 K - a lightning rod (4/4)
 L - a phial of floods
 U - a piece from Xom's chessboard (15/15)


   Skills:
 - Level 7.8 Fighting
 - Level 0.3 Long Blades
 + Level 13.2 Axes
 + Level 10.8 Armour
 * Level 16.2 Shields
 * Level 10.6 Invocations
 * Level 9.4 Evocations


You had 14 spell levels left.
You didn't know any spells.
Your spell library contained the following spells:

 Spells                   Type           Power      Damage    Failure   Level
 Apportation              Tloc           0%         N/A       100%        1
 Magic Dart               Conj           0%         1d3       100%        1
 Pain                     Necr           0%         1d4       100%        1
 Shock                    Conj/Air       0%         1d3       100%        1
 Mephitic Cloud           Conj/Pois/Air  0%         N/A       100%        3
 Swiftness                Air            0%         N/A       100%        3
 Vampiric Draining        Necr           0%         2d6       100%        3
 Airstrike                Air            0%         N/A       100%        4
 Alistair's Intoxication  Tmut/Pois      0%         N/A       100%        5
 Fireball                 Conj/Fire      0%         3d3       100%        5
 Invisibility             Hex            0%         N/A       100%        6
 Starburst                Conj/Fire      0%         6d3       100%        6
 Ignition                 Fire           0%         3d3       100%        8
 Animate Skeleton         Necr           Unusable   N/A       N/A         1
 Call Imp                 Summ           Unusable   N/A       N/A         2

Dungeon Overview and Level Annotations

Branches:
Dungeon (14/15)            Temple (1/1) D:4            Lair (6/6) D:10
 Shoals (0/4) Lair:2        Snake (0/4) Lair:2        Slime (0/5) Lair:6
    Orc (0/2) D:9          Vaults (0/5) D:14        Ossuary (visited)

Altars:
Ashenzari
Cheibriados
Dithmenos
Elyvilon
Gozag
Kikubaaqudgha
Makhleb
Nemelex Xobeh
Okawaru
Ru
Sif Muna
Trog
Uskayaw
Vehumet
Xom
Yredelemnul
The Shining One

Shops:
D:6 (   D:10 ?   D:14 *

Annotations:
D:8 exclusions: ice statue and orange crystal statue
D:14 2 transporters


Innate Abilities, Weirdness & Mutations

You are immune to sickness and miasma.
Your stone body is resilient. (AC +11)
You are immune to poison.
Your large and strong wings let you fly.
You resist negative energy. (rN+)
You are resistant to electric shocks. (rElec)
You are resistant to unholy torment.
You are immune to petrification.
[You have an uncontrollable temper.]
[You are clumsy. (Dex -2)]
[Your body sometimes deteriorates upon taking damage.]
[You are dopey. (Int -2)]
[You are very frail. (-20% HP)]
[You do not regenerate when monsters are visible.]
[You are occasionally teleported next to monsters.]
[Potions are less effective at restoring your health.]
[Your spells are much easier to cast, but much less powerful.]
[You sometimes lose the ability to read scrolls when taking damage.]


Message History

You block the spatial maelstrom's attack.
You block the spatial maelstrom's attack. x2
The spatial maelstrom hits you but does no damage. x2
You slash the spatial maelstrom!
The spatial maelstrom is almost destroyed.
You block the spatial maelstrom's attack.
The spatial maelstrom hits you but does no damage.
A shadow comes into view.
You slice the spatial maelstrom!!
You destroy the spatial maelstrom!
Okawaru accepts your kill.
Unknown command.
The shadow hits you.
You hit the shadow.
The shadow is lightly damaged.
You block the shadow's attack.
You slice the shadow!!
The shadow is almost destroyed.
The shadow slips into darkness.
The shadow flickers and vanishes!
Deactivating autopickup; reactivate with Ctrl-A.
You hit something but do no damage.
The shadow strikes at you from the darkness!
You slice something!! Okawaru accepts your kill.
Reactivating autopickup.
You feel a bit more experienced.
You feel the corruption within you wane somewhat.
You feel robust.
Your body's shape seems more normal.
You feel agile.
Your system partly accepts the healing effects of potions.
You feel stable.
You feel a little healthier.
You feel clever.
A wretched star comes into view.
The wretched star moves out of view.
A blink frog and a worldbinder come into view.
You can read scrolls again.
The blink frog croaks.
The wretched star glows turbulently.
The lance of force hits you!!
You feel threatened and lose the ability to read scrolls!
You die...

.? #... #....#
#.##...# #
#.....#
#..#..####.#
.#.## #.........#
#.....
##........##...#
#..#...##.#....#
#.##.#
.#.#...###.# ..
...#..#....#*...#
.# # ..#.
###@.......
#####..#.#...##.#
#...#. ##..# #
#..... .##
#...... .#
.#.#.#. F#§§ ..
x.


You could see a wretched star, a worldbinder and a blink frog.

Vanquished Creatures
  Rupert (D:14)
  The ghost of Ylye the Grappler, a journeyman NaTm of Cheibriados (Lair:3)
  A dire elephant (Lair:6)
  Azrael (D:13)
  Josephine (Lair:6)
  2 hydras
  5 boulder beetles
  Erolcha (D:13)
  2 centaur warriors (D:14)
  2 catoblepae
  Erica (D:9)
  A merfolk avatar (Lair:6)
  4 two-headed ogres
  A fire crab (Lair:5)
  2 wretched stars (Abyss:2)
  A spatial maelstrom (Abyss:2)
  A lindwurm (Lair:1)
  A wizard (D:14)
  3 deep elf pyromancers
  2 harpies
  3 manticores
  4 cyclopes
  3 ugly things
  8 black mambas
  15 elephants
  Maurice (D:13)
  A smoke demon (Abyss:2)
  2 gargoyles
  3 rime drakes
  12 cane toads
  A freezing wraith (Abyss:2)
  An efreet (D:14)
  12 komodo dragons
  A kobold demonologist (D:9)
  A queen bee (D:11)
  An ancient zyme (Abyss:2)
  3 trolls
  5 polar bears
  A hornet (Lair:6)
  4 raiju (Abyss:2)
  8 slime creatures
  4 wind drakes (Lair:6)
  7 blink frogs
  10 dream sheep
  A large abomination (Abyss:2)
  56 yaks
  A vampire (D:11)
  3 shadows
  6 wraiths
  2 ynoxinuls (Abyss:2)
  7 wyverns
  5 basilisks
  2 fire elementals (D:13)
  4 vampire mosquitoes (D:13)
  Menkaure (D:7)
  2 small abominations (Abyss:2)
  2 acid dragons
  17 water moccasins
  2 hell hounds (D:13)
  6 orc warriors
  2 ice beasts
  A black bear (D:5)
  A necrophage (D:6)
  3 ogres
  17 centaurs
  16 wolves
  A kobold brigand (D:9)
  14 bullfrogs
  10 scorpions (Ossuary)
  2 gnoll sergeants
  A water moccasin skeleton (D:6)
  28 killer bees
  4 wights (D:9)
  A howler monkey (D:10)
  6 electric eels
  4 centaur zombies
  3 hounds
  A jelly (D:8)
  6 orc priests
  A bullfrog zombie (D:7)
  2 centaur skeletons (D:7)
  2 human zombies (Ossuary)
  A bullfrog skeleton (D:5)
  An iron imp (Abyss:2)
  6 scorpion zombies (Ossuary)
  Natasha (thrice) (D:2)
  Terence (D:2)
  An iguana (D:6)
  10 orc wizards
  5 hell rats (Lair:4)
  A hound skeleton (D:4)
  3 mummies (Ossuary)
  12 gnolls
  7 adders
  A shadow imp (D:6)
  A white imp (D:5)
  2 worms
  3 dart slugs
  48 orcs
  7 endoplasms
  4 giant cockroaches
  3 goblins
  5 hobgoblins
  5 jackals
  9 kobolds
  2 quokkas (D:2)
  8 ball pythons
  2 bats
  2 frilled lizards
  A gnoll zombie (Ossuary)
  A goblin zombie (Ossuary)
  5 hobgoblin zombies (Ossuary)
  4 kobold zombies (Ossuary)
  An orc zombie (Ossuary)
  7 rats
560 creatures vanquished.

Vanquished Creatures (others)
  3 bushes (D:10)
  43 fungi
  92 plants
  7 toadstools (Lair:1)
145 creatures vanquished.

Grand Total: 705 creatures vanquished

Notes
Turn   | Place    | Note
-------+----------+-------------------------------------------
     0 | D:1      | bande the Gargoyle Fighter began the quest for the Orb.
     0 | D:1      | Reached XP level 1. HP: 14/14 MP: 1/1
   180 | D:1      | Reached XP level 2. HP: 18/19 MP: 2/2
   790 | D:1      | Reached XP level 3. HP: 24/24 MP: 3/3
  1479 | D:2      | Noticed Terence
  1489 | D:2      | Reached XP level 4. HP: 8/29 MP: 4/4
  1495 | D:2      | Killed Terence
  1912 | D:2      | Noticed Natasha
  1926 | D:2      | Killed Natasha
  1927 | D:2      | Reached XP level 5. HP: 23/33 MP: 3/5
  1950 | D:2      | Noticed Natasha
  1955 | D:2      | Killed Natasha
  2028 | D:2      | Noticed Natasha
  2040 | D:2      | Killed Natasha
  2375 | D:3      | Reached skill level 4 in Shields
  2485 | D:3      | Found a broken altar of Ashenzari.
  2486 | D:3      | Found a shimmering blue altar of Sif Muna.
  2486 | D:3      | Found a white marble altar of Elyvilon.
  2487 | D:3      | Found a glowing golden altar of the Shining One.
  2933 | D:3      | Reached XP level 6. HP: 18/38 MP: 3/6
  3411 | D:4      | Reached skill level 1 in Evocations
  3690 | D:4      | Found a sand-covered staircase.
  3714 | Ossuary  | Entered an ossuary
  3749 | Ossuary  | Reached XP level 7. HP: 35/44 MP: 7/7
  3897 | Ossuary  | Reached skill level 5 in Armour
  3997 | Ossuary  | Reached skill level 5 in Axes
  4301 | Ossuary  | Reached skill level 5 in Fighting
  4301 | Ossuary  | Reached skill level 5 in Shields
  4301 | Ossuary  | Reached XP level 8. HP: 40/49 MP: 5/8
  5048 | D:4      | Found a staircase to the Ecumenical Temple.
  5079 | Temple   | Entered the Ecumenical Temple
  5111 | Temple   | Became a worshipper of Warmaster Okawaru
  5549 | D:5      | Entered Level 5 of the Dungeon
  5838 | D:5      | Found a snail-covered altar of Cheibriados.
  6056 | D:5      | Reached skill level 1 in Invocations
  6917 | D:6      | Reached XP level 9. HP: 54/54 MP: 10/10
  7074 | D:6      | Found a transporter.
  7111 | D:6      | Found Wejopnof's Weapon Emporium.
  7206 | D:6      | Found a transporter.
  7296 | D:6      | Reached skill level 6 in Shields
  7750 | D:6      | Reached * piety under Okawaru
  8753 | D:7      | Noticed Menkaure
  8762 | D:7      | Killed Menkaure
  8909 | D:7      | Reached ** piety under Okawaru
  9425 | D:7      | Found a bloodstained altar of Trog.
  9425 | D:7      | Found a hide-covered altar of Uskayaw.
  9426 | D:7      | Found a basalt altar of Yredelemnul.
  9634 | D:7      | Found an ancient bone altar of Kikubaaqudgha.
 10112 | D:8      | Found an opulent altar of Gozag.
 10242 | D:8      | Noticed an ice statue
 10256 | D:8      | Reached XP level 10. HP: 60/60 MP: 12/12
 10439 | D:8      | Reached skill level 7 in Shields
 10655 | D:8      | Noticed an orange crystal statue
 10904 | D:9      | Noticed Erica
 10916 | D:9      | Killed Erica
 11038 | D:8      | Reached skill level 5 in Evocations
 11421 | D:9      | Reached *** piety under Okawaru
 11863 | D:8      | Reached skill level 5 in Invocations
 12112 | D:8      | Reached **** piety under Okawaru
 12280 | D:9      | Found a staircase to the Orcish Mines.
 12291 | D:9      | Noticed a kobold demonologist
 12303 | D:9      | Killed a kobold demonologist
 12313 | D:9      | Reached skill level 8 in Shields
 12319 | D:9      | Reached XP level 11. HP: 51/66 MP: 10/14
 12500 | D:9      | Found a sparkling altar of Nemelex Xobeh.
 12719 | D:9      | Noticed a cyclops
 12730 | D:9      | Killed a cyclops
 13554 | D:10     | Entered Level 10 of the Dungeon
 13590 | D:10     | Found the +8 orange crystal plate armour {Archmagi, Int+3
                  | Clar}
 13596 | D:10     | Reached ***** piety under Okawaru
 13610 | D:10     | Received a gift from Okawaru
 13855 | D:10     | Identified the +8 broad axe of Linearity {spect, rElec rC-
                  | Str+2} (Okawaru gifted it to you on level 10 of the
                  | Dungeon)
 13855 | D:10     | Received a gift from Okawaru
 14436 | D:10     | Found Digib's Magic Scroll Emporium.
 14455 | D:10     | Noticed a two-headed ogre
 14462 | D:10     | Killed a two-headed ogre
 14463 | D:10     | Reached skill level 10 in Axes
 14545 | D:10     | Found a staircase to the Lair.
 14564 | D:10     | Reached skill level 9 in Shields
 14629 | D:10     | Received a gift from Okawaru
 14653 | D:10     | Found a burning altar of Makhleb.
 14727 | D:10     | Reached XP level 12. HP: 64/73 MP: 14/17
 15015 | Lair:1   | Entered Level 1 of the Lair of Beasts
 15061 | Lair:1   | Noticed a six-headed hydra
 15084 | Lair:1   | Killed a three-headed hydra
 15600 | Lair:1   | Reached skill level 10 in Shields
 16398 | Lair:1   | Noticed a catoblepas
 16418 | Lair:1   | Found a runed translucent door.
 16921 | Lair:1   | Killed a catoblepas
 16932 | Lair:1   | Received a gift from Okawaru
 16933 | Lair:1   | Reached skill level 11 in Shields
 17254 | Lair:2   | Noticed a boulder beetle
 17265 | Lair:2   | Killed a boulder beetle
 17481 | Lair:2   | Found a staircase to the Snake Pit.
 17677 | Lair:2   | Found a staircase to the Shoals.
 17680 | Lair:2   | Reached XP level 13. HP: 78/78 MP: 19/19
 19051 | Lair:2   | Reached skill level 12 in Shields
 20072 | Lair:3   | Noticed Ylye's ghost (journeyman NaTm)
 20129 | Lair:3   | Found a runed translucent door.
 20676 | Lair:4   | Received a gift from Okawaru
 21992 | Lair:5   | Reached skill level 13 in Shields
 22322 | Lair:5   | You fall into a shaft and drop 1 floor!
 22322 | Lair:6   | Entered Level 6 of the Lair of Beasts
 22338 | Lair:6   | Received a gift from Okawaru
 22653 | Lair:6   | Reached ****** piety under Okawaru
 22736 | Lair:6   | Noticed a dire elephant
 22765 | Lair:6   | Killed a dire elephant
 23192 | Lair:5   | Reached skill level 10 in Armour
 23500 | Lair:6   | Gained mutation: Your large and strong wings let you fly.
                  | [Gargoyle growth]
 23500 | Lair:6   | Reached XP level 14. HP: 63/83 MP: 15/20
 23563 | Lair:6   | Noticed Josephine
 23576 | Lair:6   | Killed Josephine
 24162 | Lair:5   | Received a gift from Okawaru
 24622 | Lair:6   | Reached skill level 14 in Shields
 25852 | Lair:5   | Received a gift from Okawaru
 25950 | Lair:6   | Found a staircase to the Slime Pits.
 26118 | Lair:6   | Identified the +6 trident of Hospitality {vorpal, rN+
                  | Dex+3}
 26474 | Lair:3   | Killed Ylye's ghost
 26935 | D:11     | Reached skill level 15 in Shields
 28116 | D:6      | Bought the +10 war axe "Beetlebane" {venom, rCorr} for 734
                  | gold pieces
 28493 | D:12     | Identified the +0 cloak of Patterns {Rampage rPois rN++
                  | Int-3}
 28590 | D:12     | Reached skill level 10 in Invocations
 28798 | D:12     | Found a broken altar of Ashenzari.
 29499 | D:13     | Noticed Maurice
 29503 | D:13     | Killed Maurice
 29562 | D:13     | Noticed Azrael
 29577 | D:13     | Killed Azrael
 29654 | D:13     | Noticed Erolcha
 29917 | D:13     | Killed Erolcha
 29918 | D:13     | Reached XP level 15. HP: 88/88 MP: 22/22
 30449 | D:14     | Noticed Rupert
 30467 | D:14     | Killed Rupert
 30505 | D:14     | Found a radiant altar of Vehumet.
 30538 | D:14     | Found a transporter.
 30538 | D:14     | Found a transporter.
 30743 | D:14     | Identified the +5 rapier of Zusiobrazu {venom, rF+ rC-
                  | Dex+4}
 30745 | D:14     | Found Sierazurr's Assorted Antiques.
 30789 | D:14     | Received a gift from Okawaru
 30790 | D:14     | Reached skill level 16 in Shields
 30807 | D:14     | Found a gate to the Vaults.
 30807 | D:14     | Cast into level 2 of the Abyss (a wizard)
 30816 | Abyss:2  | Found a corrupted altar of Lugonu.
 30870 | Abyss:2  | Found a corrupted altar of Lugonu.
 31022 | Abyss:2  | Found a corrupted altar of Lugonu.
 31148 | Abyss:2  | Killed from afar by a wretched star

Illustrated notes

Levels and vault maps discovered:
D:1:      dpeg_arrival_tiny_b, layout_loops_cross, minmay_tetromino_l2
D:2:      layout_rooms, uniq_natasha, uniq_terence
D:3:      layout_basic, chequers_temple_overflow_statue_of_worship,
          kennysheep_generic_room_4
D:4:      layout_gridville, minmay_temple_entry_antechambers,
          nicolae_ossuary_entry_plus
D:5:      layout_loops_ring, mainiacjoe_overflow_tiny_flanked,
          kennysheep_decorative_pillar, small_statue_intersection,
          serial_bayou_pond_d
D:6:      gammafunk_steamed_eel, layout_cave_pools, serial_shops,
          nicolae_shop_trees, lightli_minifort
D:7:      layout_basic, gammafunk_temple_overflow_claw,
          mainiacjoe_overflow_alcove_4, uniq_menkaure
D:8:      minmay_separated_statues, layout_basic, mainiacjoe_overflow_paths
D:9:      layout_loops_ring, lemuel_doored_altar, hiddenorc1_lemuel, uniq_erica
D:10:     layout_loops_ring, bloody_makhleb, minmay_lair_entry_grove,
          serial_shops, shop
D:11:     layout_cave_pods, special_room [special_room_bee]
D:12:     layout_roguey, ashenzari_conservatory_becter
D:13:     layout_basic, uniq_azrael, uniq_maurice, uniq_erolcha
D:14:     gammafunk_boulding_lane, layout_loops_cross, david_vaults_1,
          serial_shops, nicolae_square_shop, nicolae_water_bricks,
          fiery_altar_vehumet, uniq_rupert
Temple:   cyrus_temple_forest
Lair:1:   gammafunk_lair_enchanted_lake, layout_loops_ring, grunt_megastairs_3,
          lemuel_fruit_tree, serial_bayou_shore_b
Lair:2:   layout_chaotic_city, minmay_shoals_entry_centaurs, dummy_snake_entry,
          grunt_megastairs_1, infiniplex_staircase_pool
Lair:3:   layout_hall_layers, hellmonk_ghost_happy_afterlife
Lair:4:   layout_cave_pods, minivault_27, grunt_megastairs_4
Lair:5:   layout_loops_ring, serial_bayou, serial_bayou_pond_a,
          serial_bayou_pond_b, serial_bayou_lagoon_b, serial_bayou_crossing
Lair:6:   gammafunk_lair_ancient_temple, layout_small_grid, slime_dummy,
          uniq_josephine
Abyss:2:  base: Lair:2, hangedman_abyss_or_decor_slice,
          evilmike_abyss_exit_mutagenic, bh_abyss_negative

Skill      XL: |  1  2  3  4  5  6  7  8  9 10 11 12 13 14 15 |
---------------+----------------------------------------------+-----
Axes           | 2 3 4 5 6 7 8 10 11 12 13 | 13.2
Fighting       | 4 5 6 7 |  7.8
Armour         | 4 5 6 7 8 9 10 | 10.8
Shields        | 4 5 6 8 9 11 13 15 16 | 16.2
Evocations     | 1 2 3 4 5 6 7 8 9 |  9.4
Invocations    | 1 3 5 6 8 9 10 | 10.6
Long Blades    | |  0.3

Action                   |  1- 3 |  4- 6 |  7- 9 | 10-12 | 13-15 || total
-------------------------+-------+-------+-------+-------+-------++-------
Melee: War axe           |    76 |   145 |   432 |   749 |  1077 ||  2479
       Scimitar          |       |       |       |     6 |    10 ||    16
  Use: Scroll            |     1 |     5 |    10 |     6 |     4 ||    26
       Potion            |       |     3 |     2 |       |     1 ||     6
 Stab: Distracted        |       |       |       |     1 |       ||     1
       Petrified         |       |       |       |     6 |       ||     6
Armor: Scale mail        |    45 |    29 |       |       |       ||    74
       Chain mail        |       |    56 |   236 |       |       ||   292
       Plate armour      |       |       |    88 |   244 |       ||   332
       Crystal plate arm |       |       |       |   452 |  1119 ||  1571
Dodge: Dodged            |    44 |    61 |   172 |   130 |    64 ||   471
       Repelled          |       |       |       |       |     3 ||     3
Block: Buckler           |     8 |    40 |   138 |   155 |       ||   341
       Tower shield      |       |       |       |   338 |  1416 ||  1754
       Reflection        |       |       |       |     5 |    29 ||    34

Table legend: (Time is in decaauts)
 A = Elapsed time spent in this place.
 B = Non-inter-level travel time spent in this place.
 C = Inter-level travel time spent in this place.
 D = Time resting spent in this place.
 E = Time spent auto-exploring this place.
 F = Levels seen in this place.
 G = Mean time per level.
                   A        B        C        D        E       F      G
               +--------+--------+--------+--------+--------+-----+--------+
         Total |  31700 |  31092 |    608 |  10393 |  13881 |  23 | 1378.3 |
       Dungeon |  18051 |  17665 |    386 |   5513 |   8608 |  14 | 1289.4 |
        Temple |     59 |     59 |      0 |      0 |      0 |   1 |   59.0 |
          Lair |  12012 |  11790 |    222 |   4235 |   5066 |   6 | 2002.0 |
         Abyss |    342 |    342 |      0 |      0 |      0 |   1 |  342.0 |
       Ossuary |   1234 |   1234 |      0 |    645 |    206 |   1 | 1234.0 |
               +--------+--------+--------+--------+--------+-----+--------+

Top non-repeatable levels by time:
  Lair:5: 2870 daAuts
  Lair:1: 2584 daAuts
     D:8: 2443 daAuts
     D:9: 1949 daAuts
  Lair:2: 1885 daAuts
     D:6: 1825 daAuts
  Lair:6: 1573 daAuts
  Lair:3: 1566 daAuts
  Lair:4: 1533 daAuts
     D:5: 1370 daAuts
 Ossuary: 1234 daAuts
    D:11: 1222 daAuts
     D:2: 1221 daAuts
     D:1: 1175 daAuts
    D:10: 1166 daAuts
